BSA
NEVADA NOISE @ ORLANDO CALRISSIAN
09/14/2027
 
TOP OF THE 1ST
Los Cabos Cartel batting - Pitching for Orlando Calrissian : LHP Pepe Caro
Pitching: LHP Pepe Caro
Batting: LHB Stanley Mullins 0-0: Foul Ball, location: 2F
0-1: Reached on error, E6 (Groundball, 6)
Batting: LHB Willie Wallace 0-0: Called Strike
0-1: Ball
1-1: Swinging Strike
1-2: Ball
2-2: Ball
3-2: Grounds into double play, 4-6-3 (Groundball, 34)
Batting: SHB Julián Madrid 0-0: Ball
1-0: SINGLE (Line Drive, 89S)
Batting: SHB Rob Grun 0-0: Ball
1-0: Ball
2-0: Called Strike
2-1: Foul Ball, location: 2F
2-2: Foul Ball, location: 2F
2-2: Ball
3-2: Foul Ball, location: 2F
3-2: Foul Ball, location: 2F
3-2: Ground out 5-3 (Groundball, 56S)
Top of the 1st over - 0 run(s), 1 hit(s), 1 error(s), 1 left on base; Los Cabos 0 - Orlando 0
BOTTOM OF THE 1ST
Orlando Calrissian batting - Pitching for Los Cabos Cartel : RHP Toshikasu Kiyomizu
Pitching: RHP Toshikasu Kiyomizu
Batting: RHB Júlio Negrón 0-0: Called Strike
0-1: Ground out 4-3 (Groundball, 4)
Batting: LHB Santiago Márquez 0-0: Swinging Strike
0-1: Ball
1-1: Swinging Strike
1-2: Ball
2-2: Strikes out swinging
Batting: RHB Rich Anderson 0-0: SINGLE (Line Drive, 56D)
Batting: SHB Tim Abbott 0-0: Ball
1-0: Ball
2-0: Called Strike
2-1: Foul Ball, location: 2F
2-2: Fielders Choice at 2nd, 6-4 (Groundball, 6)
Bottom of the 1st over - 0 run(s), 1 hit(s), 0 error(s), 0 left on base; Los Cabos 0 - Orlando 0
TOP OF THE 2ND
Los Cabos Cartel batting - Pitching for Orlando Calrissian : LHP Pepe Caro
Batting: RHB Edward Young 0-0: Ball
1-0: SOLO HOME RUN (Flyball, 7D), Distance : 424 ft
Batting: SHB Javier Villegas 0-0: Foul Ball, location: 2F
0-1: Ball
1-1: Ball
2-1: Ground out 5-3 (Groundball, 56)
Batting: RHB Fernando Gálvez 0-0: Ball
1-0: Ball
2-0: Called Strike
2-1: Foul Ball, location: 2F
2-2: Ground out 5-3 (Groundball, 5)
Batting: RHB Fernando Martínez 0-0: Called Strike
0-1: SINGLE (Flyball, 8RS)
Batting: RHB Vern Carlton 0-0: Ball
1-0: Called Strike
1-1: Foul Ball, location: 2F
1-2: Fielders Choice at 2nd, 5-4 (Groundball, 56)
Top of the 2nd over - 1 run(s), 2 hit(s), 0 error(s), 0 left on base; Los Cabos 1 - Orlando 0
BOTTOM OF THE 2ND
Orlando Calrissian batting - Pitching for Los Cabos Cartel : RHP Toshikasu Kiyomizu
Batting: RHB Frederico Hernández 0-0: Ball
1-0: Foul Ball, location: 2F
1-1: Ground out 6-3 (Groundball, 6MD)
Batting: RHB Pepe González 0-0: Ball
1-0: SINGLE (Groundball, 6) (infield hit)
Batting: SHB Cristo Ontiveros 0-0: Ball
1-0: Foul Ball, location: 2F
1-1: Called Strike
1-2: Ball
2-2: Strikes out swinging
Batting: RHB José Pérez 0-0: Called Strike
0-1: Ball
1-1: Called Strike
1-2: Ball
2-2: Ball
3-2: Foul Ball, location: 2F
3-2: Strikes out swinging
Bottom of the 2nd over - 0 run(s), 1 hit(s), 0 error(s), 1 left on base; Los Cabos 1 - Orlando 0
TOP OF THE 3RD
Los Cabos Cartel batting - Pitching for Orlando Calrissian : LHP Pepe Caro
Batting: LHB Stanley Mullins 0-0: Called Strike
0-1: Ball
1-1: Called Strike
1-2: Ball
2-2: Ball
3-2: Fly out, F9 (Flyball, 9)
Batting: LHB Willie Wallace 0-0: SINGLE (Flyball, 78S)
Batting: SHB Julián Madrid 0-0: Ball
1-0: Fly out, F2 (Popup, 25)
Batting: SHB Rob Grun Pickoff Throw to First - Out!
Top of the 3rd over - 0 run(s), 1 hit(s), 0 error(s), 0 left on base; Los Cabos 1 - Orlando 0
BOTTOM OF THE 3RD
Orlando Calrissian batting - Pitching for Los Cabos Cartel : RHP Toshikasu Kiyomizu
Batting: SHB Brian Price 0-0: DOUBLE (Flyball, 9LM)
Batting: RHB Júlio Negrón 0-0: Ball
1-0: Ball
2-0: Ball
3-0: Fly out, F8 (Flyball, 8LM)
Batting: LHB Santiago Márquez 0-0: Ball
1-0: Ball
2-0: Foul Ball, location: 2F
2-1: Foul Ball, location: 2F
2-2: Fly out, F6 (Line Drive, 56D)
Batting: RHB Rich Anderson 0-0: Foul Ball, location: 2F
0-1: Called Strike
0-2: Ball
1-2: Foul Ball, location: 2F
1-2: Fly out, F8 (Flyball, 8RS)
Bottom of the 3rd over - 0 run(s), 1 hit(s), 0 error(s), 1 left on base; Los Cabos 1 - Orlando 0
TOP OF THE 4TH
Los Cabos Cartel batting - Pitching for Orlando Calrissian : LHP Pepe Caro
Batting: SHB Rob Grun 0-0: Ball
1-0: Foul Ball, location: 2F
1-1: Ground out 6-3 (Groundball, 6)
Batting: RHB Edward Young 0-0: Ball
1-0: Fly out, F6 (Popup, 6D)
Batting: SHB Javier Villegas 0-0: Called Strike
0-1: Ball
1-1: TRIPLE (Line Drive, 9LD)
Batting: RHB Fernando Gálvez 0-0: Ball
1-0: Called Strike
1-1: Foul Ball, location: 2F
1-2: Foul Ball, location: 2F
1-2: Ball
2-2: Ball
3-2: Base on Balls
Batting: RHB Fernando Martínez 0-0: Called Strike
0-1: Ball
1-1: Called Strike
1-2: Ground out 6-3 (Groundball, 6S)
Top of the 4th over - 0 run(s), 1 hit(s), 0 error(s), 2 left on base; Los Cabos 1 - Orlando 0
BOTTOM OF THE 4TH
Orlando Calrissian batting - Pitching for Los Cabos Cartel : RHP Toshikasu Kiyomizu
Batting: SHB Tim Abbott 0-0: Ball
1-0: Ball
2-0: Foul Ball, location: 2F
2-1: Foul Ball, location: 2F
2-2: Strikes out looking
Batting: RHB Frederico Hernández 0-0: Ball
1-0: SINGLE (Groundball, 6S) (infield hit)
Batting: RHB Pepe González 0-0: Ball
1-0: Ball
2-0: Called Strike
2-1: Ball
3-1: Called Strike
3-2: Fielders Choice at 2nd, 4-6 (Groundball, 34)
Batting: SHB Cristo Ontiveros 0-0: Ball
1-0: Called Strike
1-1: Fielders Choice at 2nd, 4-6 (Groundball, 4)
Bottom of the 4th over - 0 run(s), 1 hit(s), 0 error(s), 0 left on base; Los Cabos 1 - Orlando 0
TOP OF THE 5TH
Los Cabos Cartel batting - Pitching for Orlando Calrissian : LHP Pepe Caro
Batting: RHB Vern Carlton 0-0: Ball
1-0: Called Strike
1-1: Ball
2-1: Fly out, F5 (Line Drive, 5)
Batting: LHB Stanley Mullins 0-0: Ball
1-0: Ball
2-0: Called Strike
2-1: Ball
3-1: Fly out, F7 (Flyball, 7LM)
Batting: LHB Willie Wallace 0-0: Ball
1-0: Foul Ball, location: 2F
1-1: Ground out 6-3 (Groundball, 6)
Top of the 5th over - 0 run(s), 0 hit(s), 0 error(s), 0 left on base; Los Cabos 1 - Orlando 0
BOTTOM OF THE 5TH
Orlando Calrissian batting - Pitching for Los Cabos Cartel : RHP Toshikasu Kiyomizu
Batting: RHB José Pérez 0-0: Ball
1-0: Called Strike
1-1: Foul Ball, location: 2F
1-2: Strikes out swinging
Batting: SHB Brian Price 0-0: Swinging Strike
0-1: Called Strike
0-2: Ball
1-2: Strikes out looking
Batting: RHB Júlio Negrón 0-0: Called Strike
0-1: Swinging Strike
0-2: Strikes out swinging
Bottom of the 5th over - 0 run(s), 0 hit(s), 0 error(s), 0 left on base; Los Cabos 1 - Orlando 0
TOP OF THE 6TH
Los Cabos Cartel batting - Pitching for Orlando Calrissian : LHP Pepe Caro
Batting: SHB Julián Madrid 0-0: Called Strike
0-1: Ground out 6-3 (Groundball, 6)
Batting: SHB Rob Grun 0-0: Foul Ball, location: 2F
0-1: Called Strike
0-2: Ball
1-2: Ball
2-2: SINGLE (Line Drive, 6M)
Batting: RHB Edward Young 0-0: Called Strike
0-1: Ball
1-1: Fly out, F8 (Flyball, 8LS)
Batting: SHB Javier Villegas 0-0: Fly out, F6 (Popup, 6D)
Top of the 6th over - 0 run(s), 1 hit(s), 0 error(s), 1 left on base; Los Cabos 1 - Orlando 0
BOTTOM OF THE 6TH
Orlando Calrissian batting - Pitching for Los Cabos Cartel : RHP Toshikasu Kiyomizu
Batting: LHB Santiago Márquez 0-0: Ball
1-0: Foul Ball, location: 2F
1-1: Swinging Strike
1-2: SINGLE (Line Drive, 89S)
Batting: RHB Rich Anderson 0-0: Called Strike
0-1: Foul Ball, location: 2F
0-2: Ball
1-2: Ground out 5-3 (Groundball, 56S)
Santiago Márquez to second
Batting: SHB Tim Abbott 0-0: Ball
1-0: Called Strike
1-1: Ball
2-1: Called Strike
2-2: Foul Ball, location: 2F
2-2: Ball
3-2: Base on Balls
Batting: RHB Frederico Hernández 0-0: Swinging Strike
0-1: Ground out 4-3 (Groundball, 4S)
Santiago Márquez to third
Tim Abbott to second
Batting: RHB Pepe González 0-0: Called Strike
0-1: Ball
1-1: Ball
2-1: Called Strike
2-2: Foul Ball, location: 2F
2-2: Ball
3-2: Fly out, F8 (Flyball, 8RM)
Bottom of the 6th over - 0 run(s), 1 hit(s), 0 error(s), 2 left on base; Los Cabos 1 - Orlando 0
TOP OF THE 7TH
Los Cabos Cartel batting - Pitching for Orlando Calrissian : LHP Pepe Caro
Batting: RHB Fernando Gálvez 0-0: Foul Ball, location: 2F
0-1: Ball
1-1: Swinging Strike
1-2: Ball
2-2: Foul Ball, location: 2F
2-2: Fly out, F9 (Flyball, 9LM)
Batting: RHB Fernando Martínez 0-0: DOUBLE (Line Drive, 8LXD)
Batting: RHB Vern Carlton 0-0: Ball
1-0: Ball
2-0: Fly out, F8 (Flyball, 8RS)
Batting: LHB Stanley Mullins 0-0: Called Strike
0-1: SINGLE (Line Drive, 34)
Fernando Martínez to third
Runner from 3rd tries for Home, throw and OUT!
Top of the 7th over - 0 run(s), 2 hit(s), 0 error(s), 1 left on base; Los Cabos 1 - Orlando 0
BOTTOM OF THE 7TH
Orlando Calrissian batting - Pitching for Los Cabos Cartel : RHP Toshikasu Kiyomizu
Batting: SHB Cristo Ontiveros 0-0: Ground out 4-3 (Groundball, 4)
Batting: RHB José Pérez 0-0: Ball
1-0: Foul Ball, location: 2F
1-1: Ball
2-1: Ground out 5-3 (Groundball, 5)
Batting: SHB Brian Price 0-0: Foul Ball, location: 2F
0-1: Swinging Strike
0-2: Foul Ball, location: 2F
0-2: Ball
1-2: Foul Ball, location: 2F
1-2: Strikes out looking
Bottom of the 7th over - 0 run(s), 0 hit(s), 0 error(s), 0 left on base; Los Cabos 1 - Orlando 0
TOP OF THE 8TH
Los Cabos Cartel batting - Pitching for Orlando Calrissian : LHP Pepe Caro
Batting: LHB Willie Wallace 0-0: Ground out 6-3 (Groundball, 6M)
Batting: SHB Julián Madrid 0-0: Called Strike
0-1: Ball
1-1: Ball
2-1: Ball
3-1: Base on Balls
Batting: SHB Rob Grun 0-0: Called Strike
0-1: Ball
1-1: Ball
2-1: Ground out U3 (Groundball, 34)
Julián Madrid to second
Batting: RHB Edward Young 0-0: Swinging Strike
0-1: Ball
1-1: Called Strike
1-2: Foul Ball, location: 2F
1-2: Ball
2-2: Ball
3-2: TRIPLE (Flyball, 8LXD)
Julián Madrid scores
Pitching: LHP Mike Murray
Batting: SHB Javier Villegas 0-0: Ball
1-0: Ball
2-0: Called Strike
2-1: Fly out, F4 (Popup, 4)
Top of the 8th over - 1 run(s), 1 hit(s), 0 error(s), 1 left on base; Los Cabos 2 - Orlando 0
BOTTOM OF THE 8TH
Orlando Calrissian batting - Pitching for Los Cabos Cartel : RHP Toshikasu Kiyomizu
Batting: RHB Júlio Negrón 0-0: Ball
1-0: Foul Ball, location: 2F
1-1: SOLO HOME RUN (Flyball, 7D), Distance : 378 ft
Batting: LHB Santiago Márquez 0-0: Called Strike
0-1: Ground out 2-3 (Groundball, 15S)
Batting: RHB Rich Anderson 0-0: Ball
1-0: Ball
2-0: Foul Ball, location: 2F
2-1: SINGLE (Flyball, 8LS)
Pitching: RHP Ángel Lara
Batting: SHB Tim Abbott 0-0: Ball
Wild Pitch!
Rich Anderson to second
1-0: Foul Ball, location: 2F
1-1: Ball
2-1: Ball
3-1: Called Strike
3-2: Foul Ball, location: 2F
3-2: Foul Ball, location: 2F
3-2: Foul Ball, location: 2F
3-2: Base on Balls
Pitching: RHP José Ruíz
Batting: RHB Frederico Hernández 0-0: Foul Ball, location: 2F
0-1: Swinging Strike
0-2: Fly out, F6 (Popup, 6MS)
Pinch Hitting: RHB Raúl Canó 0-0: Foul Ball, location: 2F
0-1: Swinging Strike
0-2: Ball
1-2: Ground out U3 (Groundball, 34)
Bottom of the 8th over - 1 run(s), 2 hit(s), 0 error(s), 2 left on base; Los Cabos 2 - Orlando 1
TOP OF THE 9TH
Los Cabos Cartel batting - Pitching for Orlando Calrissian : LHP Mike Murray
Pitching: LHP Xavier Velázquez
Now at 2B: John Moore
Batting: RHB Fernando Gálvez 0-0: Ball
1-0: Foul Ball, location: 2F
1-1: Ground out 6-3 (Groundball, 6)
Batting: RHB Fernando Martínez 0-0: Called Strike
0-1: Ball
1-1: Called Strike
1-2: Strikes out swinging
Batting: RHB Vern Carlton 0-0: Swinging Strike
0-1: Ball
1-1: Ball
2-1: Ball
3-1: Foul Ball, location: 2F
3-2: Base on Balls
Batting: LHB Stanley Mullins 0-0: Ball
1-0: Foul Ball, location: 2F
1-1: Ball
2-1: Foul Ball, location: 2F
2-2: Ball
3-2: Base on Balls
Vern Carlton to second
Pinch Hitting: RHB Jesús Hernández 0-0: Called Strike
0-1: Ball
1-1: Ball
2-1: Ball
3-1: Base on Balls
Vern Carlton to third
Stanley Mullins to second
Batting: SHB Julián Madrid 0-0: Ball
1-0: Ball
2-0: Called Strike
2-1: Swinging Strike
2-2: Foul Ball, location: 2F
2-2: Strikes out looking
Top of the 9th over - 0 run(s), 0 hit(s), 0 error(s), 3 left on base; Los Cabos 2 - Orlando 1
BOTTOM OF THE 9TH
Orlando Calrissian batting - Pitching for Los Cabos Cartel : RHP José Ruíz
Pitching: RHP Pedro Hernández
Now at 1B: Tom Waller
Batting: SHB Cristo Ontiveros 0-0: Ball
1-0: Ball
2-0: Ball
3-0: Foul Ball, location: 2F
3-1: Swinging Strike
3-2: Foul Ball, location: 2F
3-2: Fly out, F9 (Flyball, 9S)
Pinch Hitting: LHB Danny Allen 0-0: Called Strike
0-1: Ball
1-1: Foul Ball, location: 2F
1-2: Foul Ball, location: 2F
1-2: SOLO HOME RUN (Flyball, 89XD), Distance : 413 ft
Pinch Hitting: RHB Yoshihide Takahashi 0-0: Foul Ball, location: 2F
0-1: Ball
1-1: Fly out, F8 (Flyball, 8LS)
Batting: RHB Júlio Negrón 0-0: Called Strike
0-1: Swinging Strike
0-2: Ball
1-2: Ball
2-2: Ground out 5-3 (Groundball, 5S)
Bottom of the 9th over - 1 run(s), 1 hit(s), 0 error(s), 0 left on base; Los Cabos 2 - Orlando 2
TOP OF THE 10TH
Los Cabos Cartel batting - Pitching for Orlando Calrissian : LHP Xavier Velázquez
Now at 3B: Jaime Montés
Now in CF: Yoshihide Takahashi
Batting: SHB Rob Grun 0-0: Ball
1-0: Called Strike
1-1: Foul Ball, location: 2F
1-2: Ball
2-2: Strikes out swinging
Batting: RHB Edward Young 0-0: Ball
1-0: Ball
2-0: Called Strike
2-1: Foul Ball, location: 2F
2-2: Strikes out looking
Batting: SHB Javier Villegas 0-0: Called Strike
0-1: Ground out U3 (Groundball, 34)
Top of the 10th over - 0 run(s), 0 hit(s), 0 error(s), 0 left on base; Los Cabos 2 - Orlando 2
BOTTOM OF THE 10TH
Orlando Calrissian batting - Pitching for Los Cabos Cartel : RHP Pedro Hernández
Batting: LHB Santiago Márquez 0-0: Ball
1-0: Called Strike
1-1: Called Strike
1-2: Ground out 6-3 (Groundball, 6)
Batting: RHB Rich Anderson 0-0: Ball
1-0: Called Strike
1-1: Swinging Strike
1-2: Ball
2-2: Ground out 1-3 (Groundball, 15S)
Batting: SHB Tim Abbott 0-0: Ball
1-0: Called Strike
1-1: Swinging Strike
1-2: Foul Ball, location: 2F
1-2: SINGLE (Flyball, 7LS)
Batting: RHB Frederico Hernández 0-0: Swinging Strike
0-1: Ground out 6-3 (Groundball, 6MD)
Bottom of the 10th over - 0 run(s), 1 hit(s), 0 error(s), 1 left on base; Los Cabos 2 - Orlando 2
TOP OF THE 11TH
Los Cabos Cartel batting - Pitching for Orlando Calrissian : LHP Xavier Velázquez
Pitching: RHP Gerardo García
Pinch Hitting: LHB Pablo Reyes 0-0: Ball
1-0: SOLO HOME RUN (Flyball, 8LXD), Distance : 409 ft
Batting: RHB Fernando Martínez 0-0: Ball
1-0: Called Strike
1-1: DOUBLE (Line Drive, 78D)
Batting: RHB Vern Carlton 0-0: Called Strike
0-1: Ball
1-1: Ground out 5-3 (Groundball, 56)
Batting: LHB Stanley Mullins 0-0: Intentional Walk
Batting: LHB Tom Waller 0-0: Fly out, F7 (Flyball, 78D)
Batting: SHB Julián Madrid 0-0: Swinging Strike
0-1: Ball
1-1: Ball
2-1: SINGLE (Groundball, 34D)
Fernando Martínez to third
Stanley Mullins to second
Runner from 3rd tries for Home, SAFE, no throw
Pitching: RHP Aaron Abrams
Batting: SHB Rob Grun 0-0: Ball
1-0: Foul Ball, location: 2F
1-1: Foul Ball, location: 2F
1-2: SINGLE (Groundball, 4MD)
Stanley Mullins to third
Julián Madrid to second
Runner from 3rd tries for Home, SAFE, no throw
Batting: RHB Edward Young 0-0: Ball
1-0: Called Strike
1-1: Foul Ball, location: 2F
1-2: Ball
2-2: Strikes out looking
Top of the 11th over - 3 run(s), 4 hit(s), 0 error(s), 2 left on base; Los Cabos 5 - Orlando 2
BOTTOM OF THE 11TH
Orlando Calrissian batting - Pitching for Los Cabos Cartel : RHP Pedro Hernández
Now at 2B: Danny Crouch
Batting: RHB John Moore 0-0: Called Strike
0-1: Ball
1-1: Swinging Strike
1-2: Reached on error, E5 (Groundball, 56)
Batting: SHB Cristo Ontiveros 0-0: Ball
1-0: Ball
2-0: Called Strike
2-1: Foul Ball, location: 2F
2-2: Grounds into double play, 4-6-3 (Groundball, 4)
Batting: SHB Jaime Montés 0-0: Ball
1-0: Ground out 4-3 (Groundball, 4)
Bottom of the 11th over - 0 run(s), 0 hit(s), 1 error(s), 0 left on base; Los Cabos 5 - Orlando 2
Thursday, March 30th, 2017 - OOTP Baseball 17.12 Build 75